cohdb
Replays
Latest Replays
All Replays
Popular Replays
Top Player Replays
Match Explorer
How It Works
Community
CoH3 Stats
Reddit
Sign in to upload your games and track your stats! →
Sign in with Steam
Match 39639427
Unlisted
Match 39639427
Overview
Messages
Build Orders
End
Panzergrenadier Squad
Selects Panzerjäger Kommand Battlegroup
Selects Mine Fields
Panzergrenadier Squad
250 Light Carrier
Construct Light Support Kompanie
Assault Grenadier Squad
MG34 Team
Selects Defensive Positions
2.5-tonne Medical Truck
Panzerjäger Mechanized Group
Selects Tank Busters
Construct Mechanized Kompanie
Construct Panzerarmee Kommand
Selects Butterfly Bomb Drop
Armored Reserves
Panzer IV Assault Group
Butterfly Bomb Drop
Support Armor Elements
Pak 38 Anti-tank Gun Team
Pak 38 Anti-tank Gun Team
Selects Crew Shock Tactics
Saueee
Guziol#
0
0
Comments
sign in to comment!
No comments posted yet!